 Dungeon Crawl Stone Soup version 0.22.0-38-g04b72b8c25 (webtiles) character file.

100 GordonOverkill the Shield-Bearer (level 4, -9/42 HPs)
             Began as a Deep Dwarf Fighter on Aug 26, 2018.
             Mangled by a gnoll
             ... wielding a +0 halberd
              (12 damage)
             ... on level 3 of the Dungeon.
             The game lasted 00:01:49 (1036 turns).

GordonOverkill the Shield-Bearer (DDFi)             Turns: 1036, Time: 00:01:49

Health: -9/42      AC:  7    Str: 21    XL:     4   Next: 47%
Magic:  4/4        EV:  7    Int:  8    God:
Gold:   57         SH:  9    Dex: 12    Spells: 6/6 levels left

rFire    . . .     SeeInvis .   i - +0 hand axe (curse)
rCold    . . .     Gourm    .   c - +0 shield
rNeg     . . .     Faith    .   b - +0 scale mail
rPois    .         Spirit   .   (no helmet)
rElec    .         Reflect  .   (no cloak)
rCorr    .         Harm     .   (no gloves)
MR       .....                  (no boots)
Stlth    ..........             (no amulet)
HPRegen  0.00/turn              (no ring)
MPRegen  0.09/turn              (no ring)

@: non-regenerating
A: damage resistance, heal wounds, sense surroundings 1, no regeneration
a: Heal Wounds


You were on level 3 of the Dungeon.
You were not hungry.

You visited 1 branch of the dungeon, and saw 3 of its levels.

You collected 57 gold pieces.

Inventory:

Hand Weapons
 a - a +0 war axe
 i - a cursed +0 hand axe (weapon)
Armour
 b - a +0 scale mail (worn)
 c - a +0 shield (worn)
Scrolls
 h - 4 scrolls of identify
 j - a scroll of immolation {unknown}
 k - a scroll of magic mapping {unknown}
Potions
 d - 2 potions of might
 e - a potion of mutation
Comestibles
 f - 4 rations
 g - 12 chunks of flesh


   Skills:
 + Level 3.1 Fighting
 + Level 2.9 Axes
 + Level 3.8 Armour
 + Level 3.8 Shields
 * Level 1.6 Spellcasting


You had 6 spell levels left.
You didn't know any spells.
Your spell library was empty.

Dungeon Overview and Level Annotations

Branches:
Dungeon (3/15)

Altars:

Annotations:
D:2 Jessica


Innate Abilities, Weirdness & Mutations

You are resistant to damage.
You can heal yourself by infusing magical energy.
You passively map a small area around you.
You do not regenerate.


Message History

The gnoll hits you but does no damage. The gnoll hits you with a spear.
Your shield prevents you from hitting the gnoll.
The gnoll is severely wounded.
You closely miss the gnoll.
The gnoll hits you from afar with a halberd!
You block the gnoll's attack. The gnoll hits you with a spear.
You hit the gnoll.
You kill the gnoll!
Your shield and scale mail prevent you from hitting the gnoll.
The gnoll hits you from afar with a halberd!
The gnoll hits you but does no damage. The adder bites you but does no damage.
You hit the adder.
The adder is moderately wounded.
You hit the gnoll. You block the gnoll's attack.
The gnoll hits you from afar with a halberd!
* * * LOW HITPOINT WARNING * * *
You block the adder's attack. The gnoll hits you but does no damage.
The adder bites you but does no damage.
The gnoll hits you from afar with a halberd!
You die...

...... * ..### *
.... * #.#.. ...#
* #.#.# *#..#
####.#.# #..# ,,
....#.#####..#####
*#.g..##...).....#
*,#S#.##.#)[)###.#
#)@g........#
#......#...##* ,
##...####..# *, *
#..## #..# *,,, **
#++#####..#
#.....# #####.##
#.)....# ###.....#


You could see 2 gnolls and an adder.

Vanquished Creatures
  An orc priest (D:3)
  2 gnolls (D:3)
  2 leopard geckos (D:1)
  6 orcs (D:3)
  2 bats (D:1)
  A giant cockroach (D:2)
  3 goblins
  6 hobgoblins
  4 jackals (D:1)
  4 kobolds (D:1)
  4 frilled lizards
  3 rats
  2 toadstools (D:1)
40 creatures vanquished.

Vanquished Creatures (others)
  2 toadstools (D:1)
2 creatures vanquished.

Grand Total: 42 creatures vanquished

Notes
Turn   | Place    | Note
-------+----------+-------------------------------------------
     0 | D:1      | GordonOverkill the Deep Dwarf Fighter began the quest for the Orb.
     0 | D:1      | Reached XP level 1. HP: 20/20 MP: 1/1
   156 | D:1      | Reached XP level 2. HP: 17/27 MP: 2/2
   486 | D:1      | Reached XP level 3. HP: 33/33 MP: 2/2
   907 | D:2      | Noticed Jessica
   968 | D:3      | Reached skill level 1 in Spellcasting
  1007 | D:3      | Reached XP level 4. HP: 29/42 MP: 2/4
  1036 | D:3      | Mangled by a gnoll

Skill      XL: |  1  2  3 |
---------------+----------+-----
Fighting       | 3 |  3.1
Spellcasting   | 1 |  1.6
Axes           | |  2.9
Armour         | |  3.8
Shields        | |  3.8

Action                   |  1- 3 |  4- 6 || total
-------------------------+-------+-------++-------
Melee: War axe           |    63 |       ||    63
       Hand axe          |    43 |    12 ||    55
 Abil: Heal Wounds       |     2 |     1 ||     3
  Use: Scroll            |     1 |       ||     1
  Eat: Chunk             |       |     1 ||     1
Armor: Scale mail        |    63 |     9 ||    72
Dodge: Dodged            |    52 |    10 ||    62
Block: Shield            |    74 |    14 ||    88
